Map: Abandoned Camp

Players

Metasapien - Winner!

  • Race: Zerg Zerg
  • League: Platinum
  • Spawn Location: 9:00

CobraKing - Winner!

  • Race: Terran Terran
  • Spawn Location: 11:00

spectreknigh - Winner!

  • Race: Zerg Zerg
  • Spawn Location: 7:00

raijinkroniQ

  • Race: Terran Terran
  • League: Platinum
  • Spawn Location: 3:00

Lalorocks

  • Race: Protoss Protoss
  • Spawn Location: 3:00

samanaXZ

  • Race: Terran Terran
  • Spawn Location: 5:00

VOD

Have the link to the VOD?

Description

Time

  • Played on: Sept. 24, 2017, 8:04 p.m.
  • Length: 11:45
Show
View Real Time Build Order
Export as new Build Order

Metasapien Zerg - Winner!

Build Orders: Hatch First, Swarm Host 

Get SALT Encoding   

  12  0:09  Overlord  
  12  0:42  Drone, Hatchery  
  12  0:47  Drone  
  14  0:50  Drone  
  14  0:56  Drone, Extractor  
  14  1:08  Drone  
  15  1:20  Spawning Pool  
  15  1:23  Drone  
  15  1:32  Drone  
  16  1:38  Drone  
  17  1:51  Drone  
  18  1:55  Drone  
  18  1:59  Drone  
  20  2:16  Drone x2  
  20  2:22  Hatchery  
  21  2:24  Zergling x4  
  23  2:33  Zergling x2  
  23  2:36  Metabolic Boost  
  24  2:40  Drone  
  24  2:41  Drone x2  
  27  2:57  Overlord  
  27  3:02  Queen, Extractor  
  28  3:08  Extractor  
  27  3:19  Overlord  
  28  3:20  Drone x2  
  28  3:21  Drone x2  
  31  3:35  Roach Warren  
  31  3:37  Burrow  
  30  3:42  Queen  
  30  3:44  Drone  
  33  3:53  Drone x3  
  36  3:58  Drone x2  
  36  4:02  Drone x2  
  40  4:08  Extractor  
  40  4:09  Lair  
  39  4:14  Drone  
  39  4:15  Drone  
  41  4:20  Spine Crawler  
  40  4:34  Drone x2  
  40  4:37  Drone x2  
  40  4:38  Overlord x2  
  44  4:43  Spore Crawler  
  43  4:47  Spore Crawler  
  43  4:52  Roach x3  
  50  4:53  Roach  
  50  5:00  Spine Crawler  
  49  5:08  Queen  
  49  5:12  Overlord  
  49  5:13  Overlord  
  51  5:15  Zergling x2, Roach  
  51  5:17  Roach  
  53  5:44  Queen  
  53  5:46  Pneumatized Carapace  
  53  5:57  Infestation Pit  
  53  5:58  Hydralisk Den, Drone x4  
  55  6:04  Queen  
  55  6:06  Overlord x4  
  55  6:07  Overlord  
  55  6:10  Drone x2  
  60  6:11  Drone  
  60  6:13  Drone  
  60  6:15  Drone  
  60  6:17  Drone  
  63  6:19  Drone  
  64  6:27  Overseer  
  64  6:29  Overseer  
  64  6:31  Overseer  
  64  6:35  Drone  
  64  6:38  Drone x2  
  64  6:39  Drone  
  68  6:43  Extractor  
  68  6:46  Extractor  
  66  7:09  Hydralisk x2, Roach x4  
  66  7:10  Hydralisk x3, Roach x5  
  66  7:11  Roach  
  96  7:20  Drone  
  97  7:26  Evolution Chamber  
  96  7:34  Evolution Chamber  
  95  7:41  Hydralisk x5  
  95  7:42  Roach x4  
  113  8:01  Drone  
  113  8:02  Drone x2  
  113  8:03  Drone x3  
  113  8:04  Drone  
  120  8:07  Drone  
  120  8:10  Overlord x2  
  120  8:12  Hatchery  
  120  8:33  Zerg Ground Armor Level 1, Zerg Missile Weapons Level 1  
  120  8:34  Nydus Network  
  120  8:38  Drone x3  
  120  8:39  Drone  
  120  8:40  Drone  
  124  8:48  Hive  
  115  9:07  Extractor  
  88  9:10  Extractor  
  88  9:14  Hydralisk  
  88  9:15  Roach x2, Hydralisk x5  
  88  9:16  Roach x3, Hydralisk x4  
  88  9:17  Roach x2  
  101  9:30  Swarm Host x3  
  110  9:39  Nydus Canal  
  110  9:51  Drone x2, Queen x2  
  110  9:52  Queen  
  118  10:05  Glial Reconstitution  
  118  10:09  Muscular Augments  
  118  10:11  Zergling x2  
  118  10:12  Zergling x10  
  118  10:13  Zergling x2  
  118  10:14  Swarm Host x4  
  137  10:27  Queen  
  139  10:33  Nydus Canal  
  139  10:41  Drone  
  139  10:42  Drone x3  
  143  10:43  Drone  
  142  10:55  Nydus Canal  
  142  11:03  Hydralisk x2  
  142  11:05  Overlord x3  
  142  11:06  Overlord  
  142  11:07  Overlord  
  134  11:13  Nydus Canal  
  134  11:18  Zergling x2  
  133  11:19  Zergling x20  
  133  11:21  Overlord  
Show
View Real Time Build Order
Export as new Build Order

CobraKing Terran - Winner!

Build Orders: MMM Bio 

Get SALT Encoding   

  12  0:18  SCV  
  13  0:22  Supply Depot  
  13  0:30  SCV  
  13  0:31  Refinery  
  14  0:43  SCV  
  15  0:52  Barracks  
  15  0:55  SCV  
  16  1:07  SCV  
  17  1:20  Barracks  
  17  1:21  SCV  
  18  1:33  SCV  
  18  1:35  Supply Depot  
  19  1:40  Reaper  
  20  2:00  Bunker  
  20  2:06  Orbital Command  
  20  2:09  Refinery, Reaper  
  20  2:12  Reaper  
  22  2:52  Command Center  
  22  3:01  Barracks Reactor  
  22  3:11  Barracks Tech Lab  
  22  3:15  SCV  
  23  3:27  SCV  
  23  3:39  SCV  
  24  3:51  SCV  
  25  4:02  Marine  
  25  4:03  Marine  
  25  4:04  Marauder, SCV  
  25  4:05  Stimpack  
  30  4:20  Marine x2  
  30  4:25  Marauder  
  30  4:26  Orbital Command  
  30  4:29  Refinery  
  30  4:31  SCV  
  33  4:39  Marine x2  
  33  4:43  SCV  
  36  4:47  Marauder  
  38  4:53  Factory  
  38  4:55  SCV  
  38  4:57  Marine  
  38  4:58  Factory  
  40  5:01  Engineering Bay  
  40  5:02  Supply Depot  
  40  5:07  SCV x2  
  40  5:11  Marine  
  43  5:19  SCV  
  43  5:20  SCV  
  45  5:31  SCV  
  45  5:32  SCV  
  47  5:42  Factory Tech Lab  
  47  5:43  SCV  
  47  5:47  Factory Tech Lab, Starport  
  48  5:54  Missile Turret  
  48  5:55  Refinery  
  48  6:01  Armory  
  48  6:04  Marauder, Marine  
  48  6:05  Marine  
  52  6:19  Barracks, Supply Depot  
  52  6:20  Barracks  
  52  6:22  Marine, Supply Depot  
  52  6:23  Marine  
  52  6:24  Supply Depot  
  54  6:25  Starport Reactor  
  54  6:27  Marauder  
  54  6:28  Supply Depot x2  
  54  6:30  Terran Infantry Weapons Level 1  
  56  6:44  Concussive Shells  
  56  6:56  Thor  
  62  7:10  Thor  
  68  7:19  Barracks Tech Lab  
  68  7:26  Combat Shields  
  68  7:33  Barracks Reactor  
  68  7:35  Medivac  
  68  7:36  Medivac  
  72  7:40  Thor  
  78  8:05  Medivac  
  78  8:06  Medivac  
  78  8:08  Missile Turret  
  82  8:12  Thor  
  82  8:14  Marine  
  82  8:15  Marine x2  
  91  8:20  Marine  
  91  8:21  Marine  
  91  8:23  Thor  
  99  8:41  Medivac x2  
  99  8:44  Marauder  
  99  8:45  Marauder  
  99  8:46  Marine  
  108  9:06  Marauder x2  
  93  9:38  Marauder x2, Marine x3  
  97  9:39  Marine  
  101  9:56  Marine x4  
  101  9:59  Marauder x2  
  109  10:14  Marine  
  109  10:21  Marauder  
  112  10:53  Marauder x2, Marine  
  112  10:56  Thor  
  105  11:14  Marauder  
  105  11:15  Marauder  
Show
View Real Time Build Order
Export as new Build Order

spectreknigh Zerg - Winner!

Build Orders: Pool First 

Get SALT Encoding   

  12  0:16  Drone x2  
  14  0:25  Extractor  
  14  0:26  Drone  
  15  0:35  Overlord  
  15  0:42  Spawning Pool  
  14  0:53  Extractor  
  14  0:54  Drone x2  
  15  1:06  Drone  
  16  1:17  Drone  
  17  1:27  Hatchery  
  17  1:30  Zergling x2  
  17  1:37  Zergling x2  
  18  1:46  Drone  
  19  1:53  Zergling x2  
  20  2:01  Metabolic Boost  
  20  2:04  Drone, Extractor  
  19  2:26  Drone  
  19  2:27  Drone  
  21  2:39  Evolution Chamber  
  21  2:41  Drone x2  
  21  2:42  Spine Crawler  
  21  2:44  Lair  
  21  2:51  Drone  
  22  2:54  Drone  
  22  2:58  Zergling x2  
  24  3:08  Zergling x2  
  24  3:09  Zergling x2  
  26  3:22  Zerg Melee Weapons Level 1  
  26  3:35  Overlord, Drone  
  26  3:36  Overlord  
  26  3:53  Overlord, Zergling x2  
  26  4:06  Drone x5  
  28  4:30  Queen  
  30  4:32  Drone  
  30  4:33  Drone, Spire  
  30  4:38  Spine Crawler  
  30  4:47  Drone, Spine Crawler  
  29  4:56  Spine Crawler  
  29  4:59  Zergling x4  
  31  5:00  Zergling x2  
  31  5:10  Infestation Pit  
  29  5:29  Drone x3  
  29  5:30  Drone x3  
  35  5:51  Extractor  
  35  5:53  Extractor, Hive  
  35  5:56  Zerg Ground Armor Level 1  
  33  5:58  Zerg Flyer Weapons Level 1  
  33  5:59  Drone x4  
  37  6:16  Hatchery  
  35  6:32  Zergling x8  
  38  6:33  Zergling x8  
  41  6:42  Drone  
  42  6:48  Drone x2  
  44  6:56  Drone x2  
  46  7:07  Corruptor x2  
  50  7:12  Queen  
  52  7:23  Overlord x2  
  52  7:34  Drone  
  52  7:35  Drone  
  54  7:49  Corruptor x3  
  54  7:50  Corruptor  
  62  8:08  Greater Spire  
  62  8:09  Zerg Ground Armor Level 2  
  62  8:22  Adrenal Glands  
  62  8:23  Baneling Nest  
  62  8:25  Drone x2  
  62  8:26  Drone x4  
  67  8:29  Overlord  
  67  8:35  Overlord  
  67  8:37  Overlord  
  67  8:42  Drone  
  67  8:43  Drone  
  67  8:45  Overlord  
  69  8:49  Overlord  
  69  9:06  Corruptor x2  
  69  9:07  Corruptor  
  75  9:21  Centrifical Hooks  
  75  9:25  Brood Lord x2  
  75  9:26  Brood Lord  
  81  9:35  Overseer x2  
  81  9:37  Overlord x2  
  81  9:38  Overlord  
  81  9:42  Extractor  
  81  9:44  Queen, Extractor  
  81  10:10  Brood Lord x3  
  87  10:35  Zergling x8  
  89  10:36  Zergling x12  
  89  10:37  Zergling x2  
  93  11:17  Zergling x10  
  93  11:18  Zergling x8  
Show
View Real Time Build Order
Export as new Build Order

raijinkroniQ Terran 

Build Orders: MMM Bio 

Get SALT Encoding   

  12  0:01  SCV  
  13  0:13  SCV  
  14  0:22  Supply Depot  
  14  0:25  SCV  
  15  0:44  SCV  
  16  0:56  SCV  
  17  0:58  Barracks  
  17  1:00  Barracks  
  17  1:08  SCV  
  18  1:12  Barracks  
  18  1:21  SCV  
  18  1:23  Refinery  
  19  1:35  SCV  
  19  1:39  Supply Depot  
  20  1:51  Marine x2  
  22  1:57  Refinery, SCV  
  22  2:01  Marine  
  23  2:08  Supply Depot  
  24  2:09  Marine x2  
  26  2:19  Marine  
  27  2:27  Marine x2  
  29  2:30  Supply Depot  
  29  2:38  Barracks Tech Lab  
  29  2:45  Marine x2  
  29  2:48  SCV  
  32  3:00  SCV  
  33  3:07  Factory  
  33  3:11  Stimpack  
  33  3:40  SCV  
  34  3:41  Barracks Tech Lab  
  34  3:42  Barracks Tech Lab  
  34  3:44  Marauder  
  36  3:52  SCV  
  37  4:04  SCV  
  38  4:15  Marauder x2  
  42  4:19  Starport  
  42  4:23  SCV  
  43  4:25  Factory Reactor  
  43  4:27  Concussive Shells  
  43  4:28  Combat Shields  
  43  4:35  SCV  
  44  4:43  Marauder  
  46  4:48  SCV  
  46  4:49  Supply Depot  
  46  4:51  Supply Depot  
  47  5:10  Marine x3  
  47  5:11  SCV  
  51  5:21  Command Center  
  51  5:30  Medivac  
  50  5:51  Engineering Bay  
  50  5:52  Engineering Bay, Marine x3  
  53  5:58  Medivac  
  53  6:03  SCV  
  56  6:10  Marine x2  
  58  6:15  SCV  
  59  6:25  Medivac  
  61  6:27  Supply Depot  
  61  6:28  Medivac  
  63  6:35  Terran Infantry Weapons Level 1  
  63  6:37  Terran Infantry Armor Level 1  
  63  6:41  Marine x2  
  65  6:59  Refinery  
  65  7:03  Marine x3  
  65  7:08  Orbital Command  
  68  7:10  SCV  
  69  7:21  Marine x3  
  69  7:22  SCV  
  73  7:34  SCV  
  74  7:39  Marine x3  
  77  7:46  Factory Tech Lab, SCV  
  78  7:57  Marauder x3  
  84  7:58  SCV  
  84  8:00  Barracks  
  85  8:17  Armory  
  85  8:29  Supply Depot  
  85  8:30  Supply Depot  
  85  8:32  Supply Depot  
  85  8:51  Marauder x3  
  79  9:12  Marine x3  
  67  9:18  Marine  
  67  9:22  Barracks  
  58  9:30  Marine x2  
  58  9:31  Marauder  
  62  9:48  Marauder x2  
  62  9:52  Marauder  
  67  10:00  Barracks Tech Lab  
  67  10:03  Refinery  
  67  10:09  Marauder  
  67  10:10  Marauder  
  71  10:25  Marauder x2  
  75  10:31  Marauder x2  
  79  10:39  Barracks Tech Lab  
  79  10:47  Marauder x2  
  83  10:52  Marauder x2  
  63  11:16  Marauder x3  
  67  11:21  Marauder x2  
Show
View Real Time Build Order
Export as new Build Order

Lalorocks Protoss 

Build Orders:  

Get SALT Encoding   

  12  0:02  Probe (Chrono Boost)  
  13  0:12  Probe (Chrono Boost)  
  14  0:21  Pylon  
  14  0:23  Probe (Chrono Boost)  
  15  0:39  Probe (Chrono Boost)  
  16  0:50  Probe (Chrono Boost)  
  16  0:52  Gateway  
  16  0:56  Assimilator  
  17  1:00  Probe (Chrono Boost)  
  18  1:04  Assimilator  
  18  1:11  Probe (Chrono Boost)  
  19  1:16  Pylon  
  19  1:21  Probe (Chrono Boost)  
  20  1:32  Probe (Chrono Boost)  
  21  1:42  Probe (Chrono Boost)  
  21  1:43  Cybernetics Core  
  22  1:53  Probe (Chrono Boost)  
  23  1:59  Forge  
  23  2:03  Gateway  
  23  2:04  Probe (Chrono Boost)  
  24  2:14  Probe (Chrono Boost)  
  24  2:15  Zealot (Chrono Boost)  
  27  2:21  Warp Gate (Chrono Boost)  
  27  2:25  Probe  
  27  2:28  Pylon  
  28  2:34  Photon Cannon  
  28  2:47  Protoss Ground Weapons Level 1  
  28  3:11  Probe  
  28  3:29  Nexus  
  25  4:02  Photon Cannon  
  24  4:12  Pylon  
  22  4:29  Pylon  
  22  4:39  Cybernetics Core  
  22  4:40  Gateway  
  22  4:41  Gateway  
  22  4:44  Probe  
  23  4:49  Photon Cannon  
  23  4:54  Probe  
  24  5:06  Photon Cannon  
  24  5:11  Probe x2  
  26  5:19  Stalker  
  28  5:21  Probe  
  28  5:22  Probe  
  30  5:34  Probe x2  
  30  5:38  Stalker  
  34  5:43  Protoss Ground Armor Level 1  
  34  5:45  Probe x2  
  34  5:48  Assimilator  
  36  5:55  Probe  
  37  6:00  Probe  
  38  6:06  Probe, Pylon  
  39  6:14  Robotics Facility  
  39  6:15  Pylon  
  39  6:17  Pylon  
  37  6:20  Stalker  
  39  6:37  Stalker x2  
  43  6:41  Probe x2  
  45  6:49  Assimilator  
  45  6:51  Probe  
  45  6:53  Photon Cannon  
  46  7:03  Pylon  
  46  7:05  Robotics Bay  
  46  7:06  Observer  
  47  7:11  Gateway  
  47  7:12  Gateway  
  47  7:18  Twilight Council  
  47  7:22  Stalker  
  49  7:47  Nexus  
  49  7:53  Colossus  
  55  8:18  Pylon  
  54  8:20  Pylon  
  54  8:27  Extended Thermal Lance  
  54  8:31  Protoss Shields Level 1  
  54  8:35  Blink  
  54  8:36  Probe x2  
  56  8:43  Stalker x2  
  56  8:44  Stalker  
  56  8:47  Probe x2  
  64  8:57  Probe  
  64  9:02  Colossus  
  67  9:15  Stalker x3  
  67  9:16  Stalker  
  57  9:33  Probe x2  
  57  9:34  Probe  
  60  9:42  Gateway  
  60  9:44  Gateway  
  60  9:55  Colossus (Chrono Boost)  
  60  9:56  Stalker x2  
  60  9:57  Stalker  
  64  10:18  Nexus  
  64  10:24  Pylon  
  63  10:32  Stalker x3  
  65  10:45  Stalker  
  65  10:46  Stalker  
  64  11:01  Stalker  
Show
View Real Time Build Order
Export as new Build Order

samanaXZ Terran 

Build Orders: Mech 

Get SALT Encoding   

  12  0:01  SCV  
  13  0:14  SCV  
  14  0:26  SCV  
  14  0:28  Supply Depot  
  15  0:49  SCV  
  16  0:51  Barracks  
  16  1:01  Refinery, SCV  
  17  1:04  Refinery  
  17  1:13  SCV  
  17  1:15  Supply Depot  
  18  1:25  SCV  
  19  1:38  SCV  
  20  1:41  Bunker  
  20  1:42  Marine  
  21  1:50  SCV  
  22  2:02  SCV  
  23  2:12  Marine  
  24  2:28  Factory  
  24  2:29  Factory  
  24  2:31  Orbital Command, Supply Depot  
  24  2:39  Engineering Bay  
  24  2:46  Marine  
  25  3:00  SCV  
  25  3:03  Marine  
  27  3:14  Hellion x2  
  31  3:21  Marine  
  32  3:36  Hellion x2, SCV  
  35  4:15  Hellion x2  
  39  4:37  Hi-Sec Auto Tracking  
  39  4:43  Command Center  
  39  4:52  Missile Turret, Supply Depot  
  39  5:04  Armory  
  39  5:05  Factory Tech Lab  
  39  5:16  Missile Turret  
  35  5:30  Missile Turret  
  29  5:39  Factory  
  29  5:41  Widow Mine  
  29  5:42  Widow Mine, Supply Depot  
  31  5:43  Supply Depot  
  31  5:47  Command Center  
  33  5:53  SCV  
  34  6:05  SCV  
  35  6:11  Siege Tank  
  35  6:16  Planetary Fortress  
  38  6:40  Factory Tech Lab x2  
  38  6:49  Supply Depot  
  38  6:51  Missile Turret  
  38  7:15  Widow Mine  
  40  7:16  Siege Tank x2  
  40  7:20  SCV x2  
  49  7:25  Orbital Command  
  48  7:32  SCV x2  
  50  7:37  Missile Turret  
  50  7:44  SCV x2  
  50  7:47  Factory  
  52  8:00  Missile Turret  
  52  8:17  Refinery  
  52  8:23  SCV  
  52  8:24  SCV x2  
  55  8:29  Hellbat  
  55  8:30  Drilling Claws, Hellbat  
  55  8:31  Sensor Tower  
  59  8:36  SCV x2  
  58  9:13  Siege Tank x3, Widow Mine  
  66  9:41  Widow Mine  
  66  9:44  Barracks  
  66  9:45  Siege Tank x3  
  77  9:46  Barracks  
  77  9:47  Barracks  
  77  9:48  Infernal Pre-Igniter, Barracks Tech Lab  
  68  10:17  Siege Tank, Thor  
  54  11:04  Hellbat x3  
  54  11:06  Marine  
  54  11:07  Marine x3  
  55  11:24  Marine  
  55  11:25  Marine x2  
Tags
 
Add a new tag
Caveats
  • Supply blocks, unpowered buildings, or Contaminate may cause inaccurate times.
  • Supply counts are checked every 10 seconds.